 Dungeon Crawl Stone Soup version 0.30-a0-743-gbfdf073431 (webtiles) character file.

Game seed: 13926751601769606615

36 kingofthe the Trooper (level 3, -3/30 HPs)
             Began as a Merfolk Fighter on Feb 5, 2023.
             Slain by a gnoll
             ... wielding a +0 spear
              (6 damage)
             ... on level 2 of the Dungeon.
             The game lasted 00:02:22 (705 turns).

kingofthe the Trooper (Merfolk Fighter)              Turns: 705, Time: 00:02:22

Health: -3/30      AC:  3    Str: 18    XL:     3   Next: 37%
Magic:  3/3        EV: 10    Int:  7    God:
Gold:   112        SH:  5    Dex: 19    Spells: 2/2 levels left

rFire   + . .      SeeInvis .    a - +0 trident
rCold   + + .      Faith    .    c - +0 buckler
rNeg    . . .      Spirit   .    b - +0 scale mail
rPois   +          Reflect  .    (no helmet)
rElec   +          Harm     .    (no cloak)
rCorr   +          Rampage  .    (no gloves)
Will    .....                    (no boots)
Stlth   +                        (no amulet)
HPRegen 1.05/turn                h - +6 ring of dexterity
MPRegen 0.08/turn                (no ring)

@: resistant, attractive
A: (nimble swimmer 2), mertail, cold resistance 1, deformed body, regeneration 1
a: no special abilities


You were on level 2 of the Dungeon.
You visited 1 branch of the dungeon, and saw 2 of its levels.

You collected 112 gold pieces.

Inventory:

Hand Weapons
 a - a +0 trident (weapon)
Armour
 b - a +0 scale mail (worn)
 c - a +0 buckler (worn)
Jewellery
 h - a +6 ring of dexterity (left hand)
 m - a ring of willpower
Scrolls
 i - 2 scrolls of blinking {unknown}
 j - 2 scrolls of enchant armour {unknown}
 k - 3 scrolls of fog {unknown}
 l - a scroll of teleportation {unknown}
 o - a scroll of vulnerability {unknown}
 p - a scroll of identify {unknown}
 q - a scroll of fear {unknown}
 r - a scroll of acquirement {unknown}
 s - a scroll of amnesia {unknown}
Potions
 d - a potion of might
 e - a potion of mutation
 n - a potion of brilliance {unknown}


   Skills:
 + Level 3.7 Fighting
 + Level 3.4 Polearms
 - Level 2.1 Armour
 + Level 1.7 Dodging
 + Level 1.4 Stealth
 - Level 3.0 Shields


You had 2 spell levels left.
You didn't know any spells.
Your spell library contained the following spells:

 Spells                   Type           Power      Damage    Failure   Level
 Blink                    Tloc           0%         N/A       96%         2
 Lesser Beckoning         Tloc           0%         N/A       96%         2
 Momentum Strike          Conj/Tloc      0%         3d8       96%         2


Dungeon Overview and Level Annotations

Branches:
Dungeon (2/15)

Altars:


Innate Abilities, Weirdness & Mutations

((You are very nimble when in or above water. (Stealth+, EV+, Speed+++)))
Your lower body shifts to a powerful aquatic tail in water.
Your flesh is cold resistant. (rC+)
Armour fits poorly on your strangely shaped body.
Your natural rate of healing is unusually fast.


Message History

Found a leather armour.
The gnoll shouts! x2
You reach to attack!
You hit the gnoll.
The gnoll is lightly wounded.
The gnoll hits you but does no damage.
You closely miss the gnoll.
The gnoll is lightly wounded.
The gnoll barely misses you.
You barely miss the gnoll.
The gnoll is lightly wounded.
You block the gnoll's attack. The gnoll attacks as you move away!
The gnoll hits you with a +0 flail! The gnoll attacks as you move away!
You block the gnoll's attack. The gnoll attacks as you move away!
The gnoll hits you with a +0 flail!
You open the large door. You block the gnoll's attack.
The gnoll attacks as you move away! The gnoll hits you with a +0 flail.
There is a large open door here.
The gnoll attacks as you move away! The gnoll hits you but does no damage.
There is a large open door here.
You are too injured to fight recklessly!
You are too injured to fight recklessly!
You hit the gnoll.
The gnoll is heavily wounded.
The gnoll hits you with a +0 flail!
* * * LOW HITPOINT WARNING * * *
It was a potion of mutation.
You feel extremely strange.
You feel resistant to cold.
Your body twists and deforms.
You begin to heal more quickly.
You block the gnoll's attack.
It was a potion of attraction.
You feel attractive to monsters. The gnoll barely misses you.
You closely miss the gnoll. The gnoll hits you with a +0 flail.
* * * LOW HITPOINT WARNING * * *
You block the gnoll's attack.
It was a potion of resistance.
You feel protected. The gnoll hits you but does no damage.
The gnoll hits you from afar with a +0 spear.
You die...

... #....######.########## ...
#######....#....#..........#
...###....##....#....#..#........
..........#..........#..#........
..........#.............#........
..........#.............##...####
...............##............+.##
.##..........g##....#####...#...
#..........gg@.......(....+.>.
#..###......g##....#####...#...
#.... +.......#####.........#...
#..## #.......# #.........#..#
#... ###.##.... #.........#..#
.... .......... #.........#..#
.... #.......... #......####...
..> .. ...... .......#####.#
.....#........


You could see 4 gnolls.

Vanquished Creatures
  An adder (D:2)
  A worm (D:2)
  3 ball pythons
  5 endoplasms
  2 giant cockroaches (D:1)
  A goblin (D:1)
  3 hobgoblins (D:1)
  A quokka (D:1)
  A frilled lizard (D:2)
  A kobold (D:2)
  2 rats
21 creatures vanquished.

Notes
Turn   | Place    | Note
-------+----------+-------------------------------------------
     0 | D:1      | kingofthe the Merfolk Fighter began the quest for the Orb.
     0 | D:1      | Reached XP level 1. HP: 18/18 MP: 1/1
   214 | D:1      | Reached XP level 2. HP: 24/24 MP: 2/2
   218 | D:1      | Reached skill level 1 in Dodging
   362 | D:1      | Reached skill level 1 in Stealth
   642 | D:2      | Reached XP level 3. HP: 28/30 MP: 3/3
   702 | D:2      | Gained mutation: Your flesh is cold resistant. (rC+)
                  | [potion of mutation]
   702 | D:2      | Gained mutation: Armour fits poorly on your strangely
                  | shaped body. [potion of mutation]
   702 | D:2      | Gained mutation: Your natural rate of healing is unusually
                  | fast. [potion of mutation]
   705 | D:2      | Slain by a gnoll

Illustrated notes

Levels and vault maps discovered:
D:1:      matt_arrival_los_fun, layout_rooms, minmay_misc_feat_rugged
D:2:      layout_basic, minmay_pentomino_o2, uniq_terence

Skill      XL: |  1  2 |
---------------+-------+-----
Polearms       | 3 |  3.4
Dodging        | 1 |  1.7
Stealth        | 1 |  1.4
Fighting       | |  3.7
Armour         | |  2.1
Shields        | |  3.0

Action                     || total
---------------------------++-------
  Melee: Trident           ||    61
    Use: Potion            ||     3
 Armour: Scale mail        ||    18
  Dodge: Dodged            ||    20
  Block: Buckler           ||    16

Table legend: (Time is in decaauts)
 A = Elapsed time spent in this place.
 B = Non-inter-level travel time spent in this place.
 C = Inter-level travel time spent in this place.
 D = Time resting spent in this place.
 E = Time spent auto-exploring this place.
 F = Levels seen in this place.
 G = Mean time per level.
                   A        B        C        D        E       F      G
               +--------+--------+--------+--------+--------+-----+--------+
         Total |    715 |    691 |     24 |      0 |    540 |   2 |  357.5 |
       Dungeon |    715 |    691 |     24 |      0 |    540 |   2 |  357.5 |
               +--------+--------+--------+--------+--------+-----+--------+

Top non-repeatable levels by time:
     D:1: 547 daAuts
     D:2: 168 daAuts
